 Dungeon Crawl Stone Soup version 0.19.1-1-g22dce08 (webtiles) character file.

91 terep12 the Slasher (level 4, -1/28 HPs)
             Began as a Gargoyle Berserker on Jan 1, 2017.
             Was a Believer of Trog.
             Slain by an orc
             ... wielding a +0 trident
              (2 damage)
             ... on level 3 of the Dungeon.
             The game lasted 00:05:26 (1786 turns).

terep12 the Slasher (Gargoyle Berserker)            Turns: 1786, Time: 00:05:26

Health: -1/28      AC:  5    Str: 21    XL:     4   Next: 57%
Magic:  4/4        EV: 12    Int:  8    God:    Trog [**....]
Gold:   107        SH:  0    Dex:  9    Spells: 0 memorised, 3 levels left

rFire  . . .     SeeInvis .     a - +0 falchion
rCold  . . .     Gourm    .     b - +0 animal skin
rNeg   + . .     Faith    .     (no shield)
rPois  ∞         Spirit   .     (no helmet)
rElec  +         Reflect  .     (no cloak)
rCorr  .         Harm     .     (no gloves)
MR     .....                    (no boots)
Stlth  +.........               (no amulet)
                                (no ring)
                                (no ring)

@: starving
A: negative energy resistance 1, electricity resistance, unbreathing,
petrification resistance, rot immunity, AC +3
a: Berserk, Trog's Hand, Burn Spellbooks, Renounce Religion


You were on level 3 of the Dungeon.
You worshipped Trog.
Trog was pleased with you.
You were starving.

You visited 1 branch of the dungeon, and saw 3 of its levels.

You collected 107 gold pieces.

Inventory:

Hand Weapons
 a - a +0 falchion (weapon)
Armour
 b - a +0 animal skin (worn)
 u - a +0 cloak
Jewellery
 e - an uncursed amulet of rage
Scrolls
 f - 2 scrolls of magic mapping {unknown}
 g - 6 scrolls of remove curse {unknown}
 h - a scroll of noise {unknown}
 k - 3 scrolls of identify {unknown}
 r - a scroll of fear {unknown}
Potions
 d - 2 potions of heal wounds {unknown}
 i - a potion of berserk rage {unknown}
 j - a potion of degeneration {unknown}
 m - 2 potions of lignification {unknown}
 n - a potion of cancellation {unknown}
 o - a potion of might {unknown}
 q - a potion of magic {unknown}
 s - a potion of cure mutation {unknown}
 t - a potion of haste {unknown}
Comestibles
 c - 3 bread rations
 l - a meat ration
 p - a slice of pizza


   Skills:
 - Level 3.2 Fighting
 + Level 4.6 Long Blades
 - Level 2.1 Armour
 - Level 1.6 Dodging
 - Level 0.2 Stealth


You had 3 spell levels left.
You didn't know any spells.

Dungeon Overview and Level Annotations

Branches:
Dungeon (3/15)

Altars:
Dithmenos
Nemelex Xobeh
Xom
Zin


Innate Abilities, Weirdness & Mutations

You are resistant to torment.
Your stone body is resilient. (AC +3)
You are immune to poison.
You resist negative energy. (rN+)
You are resistant to electric shocks. (rElec)
You can survive without breathing.
You are immune to petrification.
You are immune to rotting.


Message History

The orc is moderately wounded.
The orc hits you but does no damage.
You closely miss the orc.
The orc is moderately wounded.
The orc closely misses you.
You hit the orc but do no damage.
The orc is moderately wounded.
The orc closely misses you.
You barely miss the orc.
The orc is moderately wounded.
The orc hits you with a trident.
* * * LOW HITPOINT WARNING * * *
You hit the orc.
The orc is moderately wounded.
The orc closely misses you.
You riposte.
You hit the orc but do no damage.
The orc is moderately wounded.
You hit the orc.
The orc is severely wounded.
The orc hits you with a trident.
You die...

#....#.# #....#.#
############....#.######
...........'....'.......
#######.####....########
#.# ###### #)# #)# #@#
#o# +.. #.## #.# #.# #.#
#.#


You could see an orc.

Vanquished Creatures
  3 adders
  2 oozes
  A dart slug (D:1)
  2 leopard geckos
  6 orcs (D:3)
  5 bats
  4 goblins
  9 hobgoblins
  4 frilled lizards
  A kobold (D:1)
  11 rats
48 creatures vanquished.

Vanquished Creatures (others)
  The ghost of Adolfin the Insei, an amateur DsTm (D:3)
1 creature vanquished.

Grand Total: 49 creatures vanquished

Notes
Turn   | Place    | Note
-------+----------+-------------------------------------------
     0 | D:1      | terep12 the Gargoyle Berserker began the quest for the Orb.
     0 | D:1      | Reached XP level 1. HP: 14/14 MP: 1/1
     2 | D:1      | Noticed a merfolk
     4 | D:1      | Noticed a human
     6 | D:1      | Noticed a formicid
     6 | D:1      | Noticed a tengu
     8 | D:1      | Noticed a draconian
     8 | D:1      | Noticed a halfling
    10 | D:1      | Noticed an ogre
    12 | D:1      | Noticed a troll
    12 | D:1      | Noticed a vine stalker
    14 | D:1      | Noticed a felid
    14 | D:1      | Noticed an elf
    28 | D:1      | Noticed a vampire
    28 | D:1      | Noticed a naga
    30 | D:1      | Noticed a dwarf
    30 | D:1      | Noticed a centaur
    32 | D:1      | Noticed a gargoyle
    32 | D:1      | Noticed a spriggan
    34 | D:1      | Noticed a demigod
    34 | D:1      | Noticed a demonspawn
    36 | D:1      | Noticed a ghoul
    36 | D:1      | Noticed an octopode
    38 | D:1      | Noticed a minotaur
    98 | D:1      | Reached skill level 3 in Long Blades
    98 | D:1      | Reached XP level 2. HP: 12/19 MP: 2/2
   696 | D:1      | Reached XP level 3. HP: 22/23 MP: 3/3
   765 | D:1      | Reached ** piety under Trog
  1118 | D:2      | Reached skill level 4 in Long Blades
  1234 | D:2      | Found a shadowy altar of Dithmenos.
  1245 | D:2      | Found a sparkling altar of Nemelex Xobeh.
  1425 | D:2      | Reached XP level 4. HP: 24/28 MP: 4/4
  1636 | D:3      | Killed Adolfin's ghost
  1639 | D:3      | Found a shimmering altar of Xom.
  1639 | D:3      | Noticed an angel
  1642 | D:3      | Found a glowing silver altar of Zin.
  1784 | D:3      | HP: 1/28 [orc/trident (6)]
  1786 | D:3      | Slain by an orc

Skill      XL: |  1  2  3 |
---------------+----------+-----
Long Blades    | 3 4 |  4.6
Fighting       | |  3.2
Armour         | |  2.1
Dodging        | |  1.6
Stealth        | |  0.2

Action                   |  1- 3 |  4- 6 || total
-------------------------+-------+-------++-------
Melee: Falchion          |   207 |    58 ||   265
Invok: Berserk           |     1 |       ||     1
 Stab: Sleeping          |     1 |       ||     1
  Eat: Chunk             |     2 |       ||     2
Armor: Animal skin       |    41 |    16 ||    57
Dodge: Dodged            |    71 |    33 ||   104
       Rpst.: Falchion   |    18 |    10 ||    28
